 Dungeon Crawl Stone Soup version 0.23.2-1-ga50397a (webtiles) character file.

Game seed: 9942932153748474650

602 dengdeng the Chopper (level 7, -3/61 HPs)
             Began as a Minotaur Berserker on May 6, 2019.
             Was a Priest of Trog.
             Slain by an ogre
             ... wielding a +0 giant spiked club
              (20 damage)
             ... on level 5 of the Dungeon.
             The game lasted 00:14:36 (3944 turns).

dengdeng the Chopper (Minotaur Berserker)           Turns: 3944, Time: 00:14:37

Health: -3/61      AC: 10    Str: 24    XL:     7   Next: 18%
Magic:  6/6        EV:  9    Int:  4    God:    Trog [***...]
Gold:   177        SH:  0    Dex:  9    Spells: 6/6 levels left

rFire    . . .     SeeInvis .   B - +1 hand axe of Gozag's Pride {chop, rPois} (curse)
rCold    . . .     Gourm    +   (no shield)
rNeg     . . .     Faith    .   z - +0 chain mail
rPois    +         Spirit   .   (helmet restricted)
rElec    .         Reflect  .   D - +0 cloak
rCorr    .         Harm     .   (no gloves)
MR       .....                  (no boots)
Stlth    ..........             F - amulet of the gourmand
HPRegen  0.20/turn              (no ring)
MPRegen  0.10/turn              (no ring)

@: no status effects
A: retaliatory headbutt, horns 2
a: Berserk, Trog's Hand, Renounce Religion


You were on level 5 of the Dungeon.
You worshipped Trog.
Trog was most pleased with you.
You were not hungry.

You visited 1 branch of the dungeon, and saw 5 of its levels.

You collected 177 gold pieces.

Inventory:

Hand Weapons
 a - a +0 hand axe
 w - a +3 war axe
 B - the cursed +1 hand axe of Gozag's Pride (weapon) {chop, rPois}
   (You found it on level 4 of the Dungeon)

   It inflicts extra damage upon your enemies.
   It protects you from poison.
   It has a curse placed upon it.
Missiles
 g - 267 stones (quivered)
 x - 2 tomahawks of dispersal
 A - 2 tomahawks
Armour
 z - a +0 chain mail (worn)
 D - a +0 cloak (worn)
 G - a cursed -1 chain mail
Jewellery
 o - an uncursed ring of resist corrosion {unknown}
 C - an uncursed ring of fire {unknown}
 F - an amulet of the gourmand (around neck)
Scrolls
 e - 3 scrolls of fog {unknown}
 f - 5 scrolls of identify {unknown}
 i - a scroll of remove curse {unknown}
 j - a scroll of immolation {unknown}
 k - a scroll of magic mapping {unknown}
 r - 2 scrolls of enchant armour {unknown}
 t - a scroll of amnesia {unknown}
 y - 2 scrolls of teleportation {unknown}
 E - a scroll of noise {unknown}
Potions
 b - a potion of agility {unknown}
 d - a potion of heal wounds {unknown}
 h - a potion of lignification {unknown}
 l - a potion of ambrosia {unknown}
 m - a potion of haste {unknown}
 n - a potion of resistance {unknown}
 p - a potion of magic {unknown}
 q - a potion of brilliance {unknown}
 s - a potion of curing {unknown}
 u - a potion of berserk rage {unknown}
 v - a potion of mutation {unknown}
Comestibles
 c - 5 rations


   Skills:
 + Level 5.0 Fighting
 + Level 7.2 Axes
 + Level 2.1 Throwing
 * Level 4.8 Armour
 + Level 3.2 Dodging
 + Level 0.1 Stealth


You had 6 spell levels left.
You didn't know any spells.
Your spell library was empty.

Dungeon Overview and Level Annotations

Branches:
Dungeon (5/15)             Temple (0/1) D:5

Altars:
Cheibriados
Hepliaklqana
Uskayaw

Shops:
D:5 !


Innate Abilities, Weirdness & Mutations

You reflexively headbutt those who attack you in melee.
You have a pair of horns on your head.


Message History

There is an open door here.
t - a scroll labeled ZUBA ESCHEMME
Found a short sword.
Found a stone staircase leading down.
There is a stone staircase leading down here.
Found a staircase to the Ecumenical Temple.
An ogre comes into view. It is wielding a +0 giant spiked club.
The ogre shouts!
The ogre moves out of view.
Found a spear.
The ogre hits you with a +0 giant spiked club!!
You slash the ogre!
The ogre is heavily wounded.
The ogre hits you with a +0 giant spiked club!!
* * * LOW HITPOINT WARNING * * *
You barely miss the ogre.
The ogre is heavily wounded.
You hit the ogre. Your headbutt misses the ogre.
The ogre is heavily wounded.
The ogre hits you with a +0 giant spiked club!!
You die...

... ###### ...
...... ...
.##...##.#
.##...##.##
..........#
....>..O..#
.......@..#######
.##...##.....)...
.##...##..######
..........##
......###..#
####..###..#
#.......#
###.#.### #...#


You could see an ogre.

Vanquished Creatures
  2 phantoms
  A crimson imp (D:5)
  A hound (D:5)
  3 orc priests
  2 orc wizards
  A worker ant (D:4)
  3 gnolls (D:2)
  7 adders
  2 worms
  A dart slug (D:3)
  4 leopard geckos
  13 orcs
  2 ball pythons (D:3)
  3 giant cockroaches
  6 goblins
  7 hobgoblins
  8 jackals
  2 quokkas
  10 bats
  4 frilled lizards
  8 kobolds
  A leopard gecko skeleton (D:4)
  6 rats
97 creatures vanquished.

Notes
Turn   | Place    | Note
-------+----------+-------------------------------------------
     0 | D:1      | dengdeng the Minotaur Berserker began the quest for the
                  | Orb.
     0 | D:1      | Reached XP level 1. HP: 19/19 MP: 0/0
   181 | D:1      | Reached skill level 4 in Axes
   181 | D:1      | Reached XP level 2. HP: 24/27 MP: 1/1
   901 | D:1      | Reached XP level 3. HP: 32/33 MP: 2/2
  1376 | D:2      | Reached skill level 1 in Throwing
  1379 | D:2      | Reached XP level 4. HP: 33/41 MP: 3/3
  1617 | D:2      | Reached ** piety under Trog
  1634 | D:2      | Reached skill level 5 in Axes
  2255 | D:3      | Reached XP level 5. HP: 22/47 MP: 4/4
  2425 | D:3      | Found a hide-covered altar of Uskayaw.
  2622 | D:3      | Found a snail-covered altar of Cheibriados.
  2846 | D:4      | Noticed a phantom
  2859 | D:4      | Killed a phantom
  2859 | D:4      | Reached skill level 6 in Axes
  2859 | D:4      | Reached XP level 6. HP: 53/53 MP: 5/5
  3141 | D:4      | Reached *** piety under Trog
  3234 | D:4      | Got a shimmering hand axe
  3235 | D:4      | Identified the cursed +1 hand axe of Gozag's Pride {chop,
                  | rPois} (You found it on level 4 of the Dungeon)
  3693 | D:5      | Entered Level 5 of the Dungeon
  3702 | D:5      | Found a hazy altar of Hepliaklqana.
  3744 | D:5      | Reached skill level 5 in Fighting
  3789 | D:5      | Reached skill level 7 in Axes
  3789 | D:5      | Reached XP level 7. HP: 61/61 MP: 6/6
  3871 | D:5      | Found Sutiacs's Distillery.
  3936 | D:5      | Found a staircase to the Ecumenical Temple.
  3944 | D:5      | Slain by an ogre

Skill      XL: |  1  2  3  4  5  6 |
---------------+-------------------+-----
Axes           | 4 5 6 7 |  7.2
Fighting       | 4 5 |  5.0
Throwing       | 1 2 |  2.1
Armour         | 3 4 |  4.8
Dodging        | 3 |  3.2
Stealth        | |  0.1

Action                   |  1- 3 |  4- 6 |  7- 9 || total
-------------------------+-------+-------+-------++-------
Melee: Hand axe          |    63 |    92 |    10 ||   165
       Headbutt          |    10 |    20 |     1 ||    31
       War axe           |       |    50 |       ||    50
Throw: Stone             |    51 |    37 |       ||    88
  Eat: Chunk             |     1 |     8 |     3 ||    12
Armor: Animal skin       |     6 |       |       ||     6
       Ring mail         |     5 |    23 |       ||    28
       Chain mail        |       |    16 |     3 ||    19
Dodge: Dodged            |    39 |    78 |     2 ||   119
